 Dungeon Crawl Stone Soup version 0.28.0-45-g0d030f2227 (console) character file.

Game seed: 7899173205253852420

181 Zeor the Twirler (level 5, -3/32 HPs)
             Began as a Gargoyle Gladiator on Apr 6, 2022.
             Slain by Blork the orc
             ... wielding a +0 scimitar
              (4 damage)
             ... on level 4 of the Dungeon.
             The game lasted 00:05:49 (2379 turns).

Zeor the Twirler (Gargoyle Gladiator)               Turns: 2379, Time: 00:05:51

Health: -3/32      AC: 14    Str: 20    XL:     5   Next: 61%
Magic:  5/5        EV: 11    Int: 10    God:
Gold:   108        SH:  0    Dex: 11    Spells: 4/4 levels left

rFire   . . .      SeeInvis .   a - +0 quarterstaff
rCold   . . .      Faith    .   (shield currently unavailable)
rNeg    + . .      Spirit   .   j - +0 ring mail
rPois   ∞          Reflect  .   c - +0 helmet
rElec   +          Harm     .   i - +1 cloak
rCorr   .          Rampage  .   (no gloves)
Will    .....                   (no boots)
Stlth   +.........              (no amulet)
HPRegen 0.10/turn               (no ring)
MPRegen 0.09/turn               (no ring)

@: invisible
A: sickness immunity, AC +4, negative energy resistance 1, electricity
resistance, torment resistance 1, petrification resistance, hooves 1, iridescent
scales 1, clever 1
a: no special abilities


You were on level 4 of the Dungeon.
You visited 1 branch of the dungeon, and saw 4 of its levels.

You collected 108 gold pieces.

Inventory:

Hand Weapons
 a - a +0 quarterstaff (weapon)
Missiles
 d - 3 throwing nets (quivered)
 l - 5 atropa-tipped darts
 o - 19 sling bullets
 q - 12 arrows
Armour
 c - a +0 helmet (worn)
 i - a +1 cloak (worn)
 j - a +0 ring mail (worn)
Jewellery
 b - an amulet of faith
Wands
 p - a wand of charming (10)
Scrolls
 k - 5 scrolls of teleportation
 n - a scroll of enchant armour
Potions
 e - 3 potions of haste
 f - a potion of brilliance
 h - 2 potions of lignification
 m - a potion of degeneration {unknown}
 r - a potion of mutation
 s - a potion of cancellation {unknown}


   Skills:
 * Level 3.4 Fighting
 + Level 4.8 Staves
 + Level 1.8 Throwing
 * Level 1.8 Armour
 + Level 2.8 Dodging
 + Level 0.1 Stealth


You had 4 spell levels left.
You didn't know any spells.
Your spell library contained the following spells:

 Spells                   Type           Power      Damage    Failure   Level
 Ensorcelled Hibernation  Hex/Ice        0%         N/A       67%         2
 Passwall                 Tmut/Erth      0%         N/A       67%         2
 Swiftness                Air            0%         N/A       88%         3
 Summon Ice Beast         Ice/Summ       0%         N/A       99%         4
 Summon Mana Viper        Hex/Summ       0%         N/A       100%        5
 Monstrous Menagerie      Summ           0%         N/A       100%        7


Dungeon Overview and Level Annotations

Branches:
Dungeon (4/15)
 Temple: D:4-7

Altars:

Annotations:
D:4 Blork the orc, Robin


Innate Abilities, Weirdness & Mutations

You are immune to sickness and miasma.
Your stone body is resilient. (AC +4)
You are immune to poison.
You resist negative energy. (rN+)
You are resistant to electric shocks. (rElec)
You are resistant to unholy torment.
You are immune to petrification.
You have large cloven feet.
You are partially covered in iridescent scales. (AC +2)
Your mind is acute. (Int +2)


Message History

Blork the orc points at you and mumbles some strange words.
The puff of flame hits you.
You closely miss the adder.
The adder is severely wounded.
The adder closely misses you.
You closely miss the adder.
The adder is severely wounded.
Blork the orc screams, "You are the ugliest creature I've ever seen!"
The adder bites you.
You hit the adder.
The adder is almost dead.
The adder bites you but does no damage.
Blork the orc hits you with a +0 scimitar.
The adder barely misses you.
You sock the adder!
You kill the adder!
Blork the orc hits you with a +0 scimitar.
A goblin comes into view. It is wielding a +0 dagger.
Blork the orc hits you with a +0 scimitar!
A hound comes into view.
Unknown command.
You closely miss Blork the orc.
The hound barks!
You hear a shout! x3
Blork the orc hits you with a +0 scimitar!
* * * LOW HITPOINT WARNING * * *
Blork the orc gestures at you while chanting.
The puff of frost misses you.
It was a potion of mutation.
You feel extremely strange.
Your feet thicken and deform.
You feel clever.
Iridescent scales grow over part of your body.
Blork the orc screams, "I'm much stronger than you!"
Blork the orc barely misses you.
It was a potion of invisibility.
You fade into invisibility!
Blork the orc screams, "I'll decorate my home with your organs!"
Blork the orc hits you but does no damage.
Robin of the Strong Arm comes into view.
They are wielding a +0 short sword.
A hobgoblin comes into view.
Blork the orc hits you with a +0 scimitar.
You die... ∙∙∙∙∙∙∙∙▒▒▒∙∙∙∙∙▒▒ ▒▒▒∙ ∙∙▒∙∙∙∙∙∙∙∙∙∙∙∙∙∙▒▒▒∙▒∙ ∙∙∙▒∙∙∙∙∙∙∙<∙∙∙▒▒∙∙∙∙>∙∙ ∙∙ ∙∙∙∙∙∙∙∙∙∙∙∙∙∙∙∙∙∙∙∙∙ P∙∙▒▒▒▒∙∙∙∙∙∙∙∙∙∙∙∙∙∙∙∙∙ ∙∙∙∙∙∙∙∙∙)∙∙∙∙∙∙∙∙∙∙∙∙∙

▒▒∙∙∙∙∙∙∙∙∙∙∙▒∙∙∙▒∙▒▒∙
▒∙h∙∙∙∙∙∙∙∙∙∙▒∙∙∙▒∙∙∙∙
▒∙▒∙†9∙∙∙∙∙▒∙∙∙▒▒∙∙∙∙∙
∙∙∙∙∙∙o∙∙∙∙∙▒▒∙∙∙∙∙∙∙∙∙∙
∙∙∙g∙∙∙∙▒▒▒∙▒▒▒∙∙∙∙∙∙∙∙∙


g∙∙∙∙∙∙∙∙ ∙▒ ∙∙∙∙∙∙∙∙∙ g∙▒∙∙∙∙∙∙ ∙▒ ∙∙∙∙∙∙∙∙∙ ∙ ▒▒∙∙∙∙∙∙ ∙> ∙∙∙▒▒▒∙∙∙ ∙∙∙∙∙∙∙
▒∙∙∙∙▒∙∙∙ ∙∙∙∙∙∙∙∙∙ ▒∙∙∙∙∙∙ ∙∙∙∙∙∙∙∙ You could see Blork the orc (fast), a
hound, Robin (wandering), a hobgoblin (wandering) and a goblin.

Vanquished Creatures
  2 iguanas
  6 adders
  A worm (D:2)
  2 dart slugs
  4 endoplasms
  3 giant cockroaches
  7 goblins
  6 hobgoblins
  4 jackals (D:1)
  3 quokkas
  6 ball pythons
  4 bats
  3 frilled lizards
  5 kobolds
  10 rats
66 creatures vanquished.

Notes
Turn   | Place    | Note
-------+----------+-------------------------------------------
     0 | D:1      | Zeor the Gargoyle Gladiator began the quest for the Orb.
     0 | D:1      | Reached XP level 1. HP: 12/12 MP: 1/1
   133 | D:1      | Found a faded altar of an unknown god.
   151 | D:1      | Reached XP level 2. HP: 15/17 MP: 2/2
   719 | D:2      | Reached XP level 3. HP: 22/22 MP: 3/3
   958 | D:2      | Reached skill level 1 in Armour
  1095 | D:2      | Reached XP level 4. HP: 27/27 MP: 4/4
  1143 | D:2      | Reached skill level 4 in Staves
  1810 | D:3      | Reached XP level 5. HP: 28/32 MP: 5/5
  2368 | D:4      | Noticed Blork the orc
  2377 | D:4      | HP: 1/32 [Blork the orc/+0 scimitar (10)]
  2378 | D:4      | Gained mutation: You have large cloven feet. [potion of
                  | mutation]
  2378 | D:4      | Gained mutation: Your mind is acute. (Int +2) [potion of
                  | mutation]
  2378 | D:4      | Gained mutation: You are partially covered in iridescent
                  | scales. (AC +2) [potion of mutation]
  2379 | D:4      | Noticed Robin
  2379 | D:4      | Slain by Blork the orc

Illustrated notes

Levels and vault maps discovered:
D:1:      dpeg_arrival_houses_and_road, layout_rooms, basic_ecumenical_altar,
          amethyst_killhole, chequers_serial_rivers_small_a, chequers_avenue
D:2:      layout_loops_ring
D:3:      layout_basic, minmay_misc_feat_alley
D:4:      layout_cave_pools, led_sif_book, nicolae_overflow_crystal_walls,
          mainiacjoe_overflow_boulevard, mainiacjoe_overflow_cross_hatched,
          uniq_blork_the_orc, uniq_robin, uniq_grinder

Skill      XL: |  1  2  3  4  5 |
---------------+----------------+-----
Armour         | 1 |  1.8
Staves         | 4 |  4.8
Fighting       | 3 |  3.4
Throwing       | |  1.8
Dodging        | |  2.8
Stealth        | |  0.1

Action                   |  1- 3 |  4- 6 || total
-------------------------+-------+-------++-------
Melee: Quarterstaff      |   105 |    88 ||   193
  Use: Scroll            |     6 |     2 ||     8
       Potion            |       |     2 ||     2
Armor: Leather armour    |     7 |       ||     7
       Ring mail         |    51 |    36 ||    87
Dodge: Dodged            |    83 |    46 ||   129
